 Dungeon Crawl Stone Soup version 0.29.1-15-g9cfb28693d (webtiles) character file.

Game seed: 2400869057652967989

37 Heoruswealwe the Magician (level 3, -2/19 HPs)
             Began as a Deep Elf Earth Elementalist on Apr 14, 2023.
             Slain by a hobgoblin (3 damage)
             ... led by Robin
             ... on level 2 of the Dungeon.
             The game lasted 00:06:28 (742 turns).

Heoruswealwe the Magician (DEEE)                     Turns: 742, Time: 00:06:30

Health: -2/19      AC:  3    Str:  5    XL:     3   Next: 23%
Magic:  0/10       EV: 12    Int: 21    God:
Gold:   60         SH:  0    Dex: 15    Spells: 7/10 levels left

rFire   . . .      SeeInvis .   e - +0 morningstar
rCold   . . .      Faith    .   (no shield)
rNeg    . . .      Spirit   .   a - +0 robe
rPois   +          Reflect  .   (no helmet)
rElec   .          Harm     .   (no cloak)
rCorr   .          Rampage  .   (no gloves)
Will    .....                   h - +0 pair of boots
Stlth   ++........              (no amulet)
HPRegen 0.06/turn               i - ring of poison resistance
MPRegen 0.12/turn               (no ring)

@: no status effects
A: no striking features
a: no special abilities


You were on level 2 of the Dungeon.
You visited 1 branch of the dungeon, and saw 2 of its levels.

You collected 60 gold pieces.

Inventory:

Hand Weapons
 e - a +0 morningstar (weapon)
Armour
 a - a +0 robe (worn)
 h - a +0 pair of boots (worn)
 j - a +0 robe
Magical Staves
 d - a staff of air
Jewellery
 i - a ring of poison resistance (left hand)
Scrolls
 c - a scroll of magic mapping {unknown}
 f - 3 scrolls of identify {unknown}
 g - a scroll of silence {unknown}
 k - a scroll of summoning {unknown}
Potions
 b - a potion of magic


   Skills:
 - Level 2.4 Dodging
 - Level 2.4 Stealth
 + Level 4.2 Spellcasting
 - Level 1.1 Transmutations
 + Level 4.1 Earth Magic


You had 7 spell levels left.
You knew the following spells:

 Your Spells              Type           Power      Damage    Failure   Level
a - Sandblast             Erth           42%        2d11      2%          1
z - Passwall              Tmut/Erth      12%        N/A       6%          2

Your spell library contained the following spells:

 Spells                   Type           Power      Damage    Failure   Level
 Stone Arrow              Conj/Erth      26%        3d8       16%         3
 Petrify                  Tmut/Erth      15%        N/A       36%         4


Dungeon Overview and Level Annotations

Branches:
Dungeon (2/15)

Altars:
Yredelemnul


Message History

The goblin attacks as you move away! The goblin closely misses you.
The goblin no longer looks unusually strong.
You are too injured to fight recklessly!
Casting: Sandblast (safe; 2% risk of failure)
Confirm with . or Enter, or press ? or * to list all spells.
Aiming: Sandblast (safe; 2% risk of failure)
Press: ? - help, Shift-Dir - straight line, f - goblin
Aim: a goblin, wielding a +0 club (strong, 79% to hit)
The blast of sand hits the goblin!
You kill the goblin!
A goblin comes into view. It is wielding a +0 club.
You see here a frilled lizard corpse.
The hobgoblin attacks as you move away!
The hobgoblin hits you but does no damage.
The goblin no longer looks unusually strong.
Found an escape hatch in the floor.
The hobgoblin attacks as you move away!
The hobgoblin hits you but does no damage.
Casting: Sandblast (safe; 2% risk of failure)
Confirm with . or Enter, or press ? or * to list all spells.
Aiming: Sandblast (safe; 2% risk of failure)
Press: ? - help, Shift-Dir - straight line, f - hobgoblin
Aim: a hobgoblin (83% to hit)
The blast of sand misses the hobgoblin.
The hobgoblin misses you. The hobgoblin hits you.
* * * LOW HITPOINT WARNING * * *
The goblin attacks as you move away! The goblin hits you with a +0 dagger.
* * * LOW HITPOINT WARNING * * *
The hobgoblin attacks as you move away! The hobgoblin barely misses you.
The hobgoblin attacks as you move away! The hobgoblin misses you.
The hobgoblin attacks as you move away! The hobgoblin barely misses you.
Casting: Sandblast (safe; 2% risk of failure)
Confirm with . or Enter, or press ? or * to list all spells.
Aiming: Sandblast (safe; 2% risk of failure)
Press: ? - help, Shift-Dir - straight line, f - goblin, p - hobgoblin
Aim: a goblin, wielding a +0 club (wandering, hasn't noticed you, 79% to hit)
The blast of sand hits the goblin!
You kill the goblin!
The hobgoblin hits you.
You die...

## #........>.
###.#.###g....#
.......#.....#
#g####.# #g# #.#
#.# #g# #g# #g# #
## ##g## #)####...
...##@..###g<......
#.)........######
#.#...###.##
#.##.###...## #
#.).)g#..#
#####....# ##.#.#
.#.# .#.#


You could see 2 hobgoblins and 2 goblins.

Vanquished Creatures
  A centaur zombie (D:2)
  Robin (D:2)
  A ball python (D:1)
  2 endoplasms (D:1)
  9 goblins
  3 hobgoblins
  2 quokkas (D:1)
  2 bats (D:1)
  4 frilled lizards
  2 kobolds (D:1)
  A rat (D:1)
28 creatures vanquished.

Notes
Turn   | Place    | Note
-------+----------+-------------------------------------------
     0 | D:1      | Heoruswealwe the Deep Elf Earth Elementalist began the
                  | quest for the Orb.
     0 | D:1      | Reached XP level 1. HP: 10/10 MP: 6/6
   322 | D:1      | Reached XP level 2. HP: 15/15 MP: 5/8
   325 | D:1      | Learned a level 2 spell: Passwall
   485 | D:1      | Found a faded altar of an unknown god.
   532 | D:1      | Prayed at the altar of an unknown god.
   532 | D:1      | Became a worshipper of Yredelemnul the Dark
   532 | D:1      | Reached * piety under Yredelemnul
   533 | D:1      | Fell from the grace of Yredelemnul
   685 | D:1      | You fall into a shaft and drop 1 floor!
   704 | D:2      | Noticed Robin
   714 | D:2      | Killed Robin
   715 | D:2      | Reached XP level 3. HP: 14/19 MP: 1/10
   742 | D:2      | Slain by a hobgoblin

Illustrated notes

Levels and vault maps discovered:
D:1:      heliophobic_arrival_battle_scene, layout_basic,
          ebering_ecumenical_altar_rust, minmay_box_of_dots
D:2:      layout_loops_ring, uniq_natasha, uniq_robin, uniq_terence

Skill      XL: |  1  2 |
---------------+-------+-----
Spellcasting   | 4 |  4.2
Earth Magic    | 4 |  4.1
Dodging        | |  2.4
Stealth        | |  2.4
Transmutations | |  1.1

Action                   || total
-------------------------++-------
Melee: Morningstar       ||     1
 Cast: Sandblast         ||    38
Invok: Renounce Religion ||     1
Armor: Robe              ||     6
Dodge: Dodged            ||    27
